 Dungeon Crawl Stone Soup version 0.29-a0-998-g1987434951 (webtiles) character file.

Game seed: 11364881199530330606

65 drpainis the Sneak (level 4, -1/30 HPs)
             Began as an Octopode Brigand on Aug 6, 2022.
             Slain by a worm (4 damage)
             ... on level 2 of the Dungeon.
             The game lasted 00:02:18 (1987 turns).

drpainis the Sneak (Octopode Brigand)               Turns: 1987, Time: 00:02:18

Health: -1/30      AC:  1    Str: 10    XL:     4   Next: 13%
Magic:  4/4        EV: 13    Int: 19    God:
Gold:   147        SH:  0    Dex: 15    Spells: 3/3 levels left

rFire   + . .      SeeInvis .   a - +2 dagger
rCold   x . .      Faith    .   (no shield)
rNeg    . . .      Spirit   .   (helmet restricted)
rPois   .          Reflect  .   (no amulet)
rElec   .          Harm     .   g - +6 ring of intelligence
rCorr   .          Rampage  .   m - ring of fire
Will    .....                   (no ring)
Stlth   ++++......              (no ring)
HPRegen 0.10/turn               (no ring)
MPRegen 0.09/turn               (no ring)
                                (no ring)
                                (no ring)

@: no status effects
A: almost no armour, amphibious, 8 rings, camouflage 1, gelatinous body 1,
(nimble swimmer 1), tentacles
a: no special abilities


You were on level 2 of the Dungeon.
You visited 1 branch of the dungeon, and saw 2 of its levels.

You collected 147 gold pieces.

Inventory:

Hand Weapons
 a - a +2 dagger (weapon)
Missiles
 b - 4 poisoned darts (quivered)
 c - 2 curare-tipped darts
Magical Staves
 d - a staff of conjuration
Jewellery
 g - a +6 ring of intelligence (left tentacle)
 m - a ring of fire (right tentacle)
 o - an amulet of guardian spirit
Scrolls
 e - a scroll of poison {unknown}
 h - 2 scrolls of fear {unknown}
 i - a scroll of enchant weapon {unknown}
 j - a scroll of summoning {unknown}
 k - a scroll of torment {unknown}
 l - 2 scrolls of identify {unknown}
Potions
 f - a potion of heal wounds {unknown}
 n - a potion of degeneration {unknown}


   Skills:
 + Level 2.3 Fighting
 + Level 2.1 Short Blades
 + Level 2.3 Throwing
 + Level 1.3 Dodging
 + Level 6.9 Stealth


You had 3 spell levels left.
You didn't know any spells.
Your spell library was empty.

Dungeon Overview and Level Annotations

Branches:
Dungeon (2/15)

Altars:


Innate Abilities, Weirdness & Mutations

You cannot wear most types of armour.
You are amphibious.
You can wear up to eight rings at the same time.
Your skin changes colour to match your surroundings (Stealth+).
Your rubbery body absorbs attacks. (AC +1, EV +1)
((You are camouflaged when in or above water. (Stealth+)))
You have tentacles for arms and can constrict up to eight enemies at once.


Message History

a +0 dagger; a kobold corpse The ball python attacks as you move away!
The ball python bites you.
You hit the ball python. Your grab misses the ball python.
The ball python is moderately wounded.
The frilled lizard unfolds its giant frill.
The ball python closely misses you. x2
You barely miss the ball python. You grab the ball python.
The ball python is moderately wounded.
You constrict the ball python. The kobold hits you with a +0 whip.
The ball python bites you. The ball python grabs you.
The ball python constricts you.
You hit the ball python.
You kill the ball python!
The kobold hits you with a +0 whip. The kobold hits you with a +0 whip.
The rat twitches its whiskers.
The worm bites you.
Things that are here:
a +0 dagger; a kobold corpse You hit the kobold.
You kill the kobold!
The frilled lizard barely misses you. The worm bites you!
* * * LOW HITPOINT WARNING * * *
You see here a +0 whip.
You miss the frilled lizard. You grab the frilled lizard.
You constrict the frilled lizard.
The frilled lizard hisses.
The frilled lizard closely misses you.
You closely miss the frilled lizard.
The frilled lizard is heavily wounded.
You constrict the frilled lizard.
You kill the frilled lizard!
The worm bites you.
* * * LOW HITPOINT WARNING * * *
You barely miss the worm. You grab the worm. You constrict the worm.
You hit the worm but do no damage.
The worm is lightly wounded.
You constrict the worm. The worm bites you.
You die...

#.#.# . #.#.# .. .
#.#.# .## ..
#.#.#.##.) #.
##...#.'...[#...#.
#......#.)..#...#.
#..†#####..##...#.
#.w##.###+##......
#@)#r(.+B#####....
#..##$###SK..##..#
#...###.#Sr$=.#..#
#.......#Kr.).#...
##......#KKr?)#.##
#####..##Sw.##.##
#...#####.###
####.....##
####.##


You could see a worm and a rat.

Vanquished Creatures
  2 adders (D:2)
  An orc (D:2)
  3 endoplasms
  4 giant cockroaches (D:1)
  3 goblins
  7 hobgoblins
  5 kobolds
  2 quokkas
  8 ball pythons
  2 bats
  3 frilled lizards (D:2)
  2 rats (D:2)
42 creatures vanquished.

Notes
Turn   | Place    | Note
-------+----------+-------------------------------------------
     0 | D:1      | drpainis the Octopode Brigand began the quest for the Orb.
     0 | D:1      | Reached XP level 1. HP: 14/14 MP: 1/1
   185 | D:1      | Reached XP level 2. HP: 15/19 MP: 2/2
   533 | D:1      | Reached skill level 6 in Stealth
  1107 | D:1      | Reached XP level 3. HP: 24/24 MP: 3/3
  1743 | D:2      | Reached XP level 4. HP: 23/29 MP: 4/4
  1883 | D:2      | Found a faded altar of an unknown god.
  1987 | D:2      | Slain by a worm

Illustrated notes

Levels and vault maps discovered:
D:1:      tarquinn_simple_flora_water_f, layout_basic, corner_web_ring
D:2:      layout_basic, dreamdust_ecumenical_altar_statues, minivault_23,
          st_stairs_1, chequers_serial_rivers_marsh, minmay_joined_circles

Skill      XL: |  1  2 |
---------------+-------+-----
Stealth        | 6 |  6.9
Fighting       | |  2.3
Short Blades   | |  2.1
Throwing       | |  2.3
Dodging        | |  1.3

Action                   |  1- 3 |  4- 6 || total
-------------------------+-------+-------++-------
Melee: Dagger            |    52 |    12 ||    64
       Constrict         |    11 |     5 ||    16
       Tentacles         |     8 |     1 ||     9
Throw: Dart              |    32 |     7 ||    39
 Stab: Sleeping          |     7 |       ||     7
Armor: Skin              |     1 |     1 ||     2
Dodge: Dodged            |    31 |     8 ||    39

Table legend: (Time is in decaauts)
 A = Elapsed time spent in this place.
 B = Non-inter-level travel time spent in this place.
 C = Inter-level travel time spent in this place.
 D = Time resting spent in this place.
 E = Time spent auto-exploring this place.
 F = Levels seen in this place.
 G = Mean time per level.
                   A        B        C        D        E       F      G
               +--------+--------+--------+--------+--------+-----+--------+
         Total |   1975 |   1975 |      0 |      0 |   1466 |   2 |  987.5 |
       Dungeon |   1975 |   1975 |      0 |      0 |   1466 |   2 |  987.5 |
               +--------+--------+--------+--------+--------+-----+--------+

Top non-repeatable levels by time:
     D:1: 1349 daAuts
     D:2: 626 daAuts
